Map: Thunderbird LE

Players

HellraiseR

  • Race: Protoss Protoss
  • Spawn Location: 5:00

TSGSolar (Solar) - Winner!

  • Race: Zerg Zerg
  • League: Diamond
  • Spawn Location: 11:00

Event: HomeStory Cup XIX

VOD

Have the link to the VOD?

Description

Time

  • Played on: June 29, 2019, 10:34 a.m.
  • Length: 6:36

All games in this series

Show
View Real Time Build Order
Export as new Build Order

HellraiseR Protoss 

Build Orders: 1 Gate Expand, Oracle Opening 

Get SALT Encoding   

  12  0:00  Probe  
  13  0:12  Probe  
  14  0:19  Pylon  
  14  0:22  Probe  
  15  0:33  Probe  
  15  0:38  Gateway  
  16  0:43  Probe  
  16  0:47  Assimilator  
  17  0:55  Probe  
  18  1:07  Probe  
  19  1:20  Nexus  
  19  1:23  Probe  
  20  1:32  Cybernetics Core  
  20  1:35  Probe  
  21  1:42  Assimilator  
  21  1:47  Probe  
  21  1:52  Pylon  
  22  1:59  Probe  
  22  2:00  Adept  
  23  2:07  Probe  
  23  2:15  Probe  
  26  2:21  Stargate  
  27  2:26  Probe  
  27  2:28  Probe  
  28  2:30  Stalker  
  31  2:38  Probe  
  31  2:39  Probe  
  31  2:40  Warp Gate  
  33  2:50  Probe x2  
  35  2:59  Oracle  
  35  3:02  Probe x2  
  40  3:14  Probe x2, Pylon  
  42  3:21  Gateway  
  42  3:26  Probe x2, Oracle  
  44  3:29  Assimilator  
  44  3:30  Assimilator  
  44  3:38  Probe x2  
  49  3:48  Pylon  
  49  3:50  Probe  
  49  3:51  Probe  
  49  3:54  Pylon  
  51  3:56  Robotics Facility  
  51  4:01  Phoenix  
  51  4:02  Probe  
  51  4:03  Probe  
  55  4:13  Forge  
  55  4:15  Probe x2  
  57  4:17  Oracle  
  57  4:22  Pylon  
  57  4:27  Probe  
  57  4:28  Adept  
  57  4:29  Adept  
  57  4:30  Probe  
  65  4:39  Probe  
  65  4:42  Probe  
  66  4:45  Observer  
  66  4:51  Probe  
  67  4:53  Nexus  
  67  5:00  Pylon  
  67  5:02  Probe  
  67  5:03  Adept  
  67  5:04  Adept  
  72  5:08  Probe  
  72  5:12  Pylon  
  73  5:17  Oracle  
  73  5:18  Probe  
  74  5:22  Immortal  
  74  5:25  Adept x2  
  74  5:26  Probe  
  80  5:32  Probe  
  81  5:38  Probe  
  80  5:44  Probe  
  80  5:45  Zealot  
  80  5:46  Twilight Council  
  80  5:47  Zealot  
  83  5:50  Probe  
  83  5:55  Oracle  
  83  5:56  Probe  
  84  6:02  Probe  
  85  6:10  Sentry x2  
  94  6:14  Probe  
  94  6:17  Photon Cannon, Shield Battery  
  92  6:19  Probe, Shield Battery  
  92  6:23  Probe  
  94  6:29  Shield Battery  
  94  6:30  Pylon  
Show
View Real Time Build Order
Export as new Build Order

TSGSolar Zerg - Winner!

Build Orders: Hatch First 

Get SALT Encoding   

  12  0:01  Drone  
  13  0:12  Overlord  
  13  0:17  Drone  
  14  0:31  Drone x2  
  16  0:49  Hatchery  
  15  0:52  Drone  
  15  0:55  Drone  
  17  0:58  Drone  
  18  1:09  Extractor  
  17  1:14  Spawning Pool  
  17  1:17  Drone  
  17  1:20  Drone  
  18  1:28  Drone  
  19  1:39  Drone  
  20  1:49  Hatchery  
  20  1:50  Drone  
  20  2:01  Queen  
  20  2:06  Drone  
  23  2:10  Metabolic Boost  
  23  2:14  Drone  
  24  2:18  Drone  
  25  2:22  Overlord  
  25  2:30  Queen  
  25  2:33  Zergling x2  
  28  2:42  Zergling x2  
  28  2:43  Queen  
  31  2:45  Drone  
  31  2:47  Drone  
  31  2:50  Drone  
  34  2:51  Drone  
  34  2:54  Drone  
  36  3:05  Queen  
  38  3:07  Drone  
  38  3:09  Drone  
  38  3:12  Drone  
  39  3:14  Overlord  
  39  3:15  Drone x2  
  41  3:26  Evolution Chamber  
  40  3:27  Drone  
  40  3:29  Overlord  
  40  3:32  Queen  
  40  3:33  Drone  
  45  3:34  Drone  
  45  3:35  Drone  
  45  3:40  Drone, Spore Crawler  
  46  3:42  Spore Crawler  
  46  3:45  Drone x2  
  47  3:49  Zergling x2  
  47  3:50  Zergling x4  
  47  3:52  Zergling x2  
  51  3:57  Drone  
  51  3:58  Overlord  
  51  4:01  Zerg Melee Weapons Level 1  
  51  4:02  Drone  
  53  4:05  Drone x2  
  53  4:07  Drone  
  53  4:08  Drone  
  53  4:09  Drone  
  58  4:13  Overlord  
  58  4:17  Drone x2  
  58  4:18  Zergling x2  
  58  4:19  Zergling x2  
  58  4:20  Zergling x2  
  63  4:26  Queen, Spore Crawler  
  64  4:32  Zergling x6  
  64  4:35  Lair  
  67  4:42  Drone x2  
  67  4:43  Zergling x10  
  68  4:47  Drone x2  
  68  4:51  Overlord  
  68  4:52  Zergling x2  
  70  4:53  Overlord  
  70  4:57  Overlord  
  69  5:09  Queen, Overlord  
  69  5:10  Zergling x6  
  69  5:13  Zergling x2  
  74  5:15  Queen  
  74  5:16  Zergling x6  
  74  5:20  Zergling x4  
  80  5:26  Zergling x8  
  81  5:31  Zergling x10  
  81  5:35  Nydus Network  
  81  5:41  Zergling x6  
  82  5:45  Overseer  
  82  5:48  Zergling x6  
  84  5:51  Queen  
  84  5:52  Queen  
  84  5:54  Zergling x4  
  84  5:55  Queen  
  89  5:57  Zergling x2  
  89  6:02  Zergling x8  
  90  6:08  Zergling x2  
  90  6:09  Zergling x2  
  90  6:11  Overlord  
  92  6:14  Nydus Canal  
  92  6:15  Zergling x2  
  92  6:16  Zergling x6  
  92  6:18  Zergling x2  
Tags
 
Add a new tag
Caveats
  • Supply blocks, unpowered buildings, or Contaminate may cause inaccurate times.
  • Supply counts are checked every 10 seconds.